 Dungeon Crawl Stone Soup version 0.28.0-43-g3370ac3207 (webtiles) character file.

Game seed: 11195075766538341057

82 Ablot the Grasshopper (level 4, -1/38 HPs)
             Began as a Gnoll Warper on Mar 21, 2022.
             Slain by Pargi (2 damage)
             ... in a sewer.
             The game lasted 00:02:41 (2171 turns).

Ablot the Grasshopper (Gnoll Warper)                Turns: 2171, Time: 00:02:42

Health: -1/38      AC:  3    Str: 12    XL:     4   Next: 43%
Magic:  11/11      EV: 12    Int: 13    God:
Gold:   35         SH:  5    Dex: 11    Spells: 11/13 levels left

rFire   + . .      SeeInvis .   w - +8 war axe of Nemelex Xobeh's Esteem {vorpal, rF+}
rCold   . . .      Faith    .   (no shield)
rNeg    . . .      Spirit   .   b - +0 leather armour
rPois   .          Reflect  +   (no helmet)
rElec   .          Harm     .   (no cloak)
rCorr   .          Rampage  .   (no gloves)
Will    .....                   (no boots)
Stlth   +.........              j - amulet of reflection
HPRegen 0.12/turn               (no ring)
MPRegen 0.12/turn               (no ring)

@: no status effects
A: fangs 1, strong nose, distributed training
a: no special abilities


You were in a sewer.
You visited 1 branch of the dungeon, and saw 3 of its levels.
You also visited: Sewer.

You collected 35 gold pieces.

Inventory:

Hand Weapons
 a - a +0 trident
 w - the +8 war axe of Nemelex Xobeh's Esteem (weapon) {vorpal, rF+}
   (You found it on level 2 of the Dungeon)

   It inflicts extra damage upon your enemies.
   rF:        It protects you from fire.
Missiles
 d - 5 boomerangs of dispersal
 e - 2 boomerangs (quivered)
 h - 28 stones
 i - 18 bolts
Armour
 b - a +0 leather armour (worn)
Jewellery
 j - an amulet of reflection (around neck)
Scrolls
 c - 2 scrolls of blinking
 g - a scroll of holy word {unknown}


   Skills:
 + Level 4.6 Fighting
 + Level 1.1 Short Blades
 + Level 1.1 Long Blades
 + Level 1.1 Axes
 + Level 1.1 Maces & Flails
 + Level 4.6 Polearms
 + Level 1.1 Staves
 + Level 1.1 Slings
 + Level 1.1 Bows
 + Level 1.1 Crossbows
 + Level 2.7 Throwing
 + Level 2.7 Armour
 + Level 4.6 Dodging
 + Level 1.1 Stealth
 + Level 1.1 Shields
 + Level 1.1 Unarmed Combat
 + Level 5.1 Spellcasting
 + Level 0.9 Conjurations
 + Level 0.9 Hexes
 + Level 0.9 Summonings
 + Level 0.9 Necromancy
 + Level 5.4 Translocations
 + Level 0.9 Transmutations
 + Level 0.9 Fire Magic
 + Level 0.9 Ice Magic
 + Level 0.9 Air Magic
 + Level 0.9 Earth Magic
 + Level 0.9 Poison Magic
 + Level 1.2 Invocations
 + Level 1.1 Evocations


You had 11 spell levels left.
You knew the following spells:

 Your Spells              Type           Power      Damage    Failure   Level
a - Blink                 Tloc           34%        N/A       3%          2

Your spell library contained the following spells:

 Spells                   Type           Power      Damage    Failure   Level
 Gell's Gravitas          Tloc           17%        N/A       8%          3
 Lesser Beckoning         Tloc           17%        N/A       8%          3
 Teleport Other           Tloc           17%        N/A       8%          3
 Beastly Appendage        Tmut           10%        N/A       16%         1
 Wereblood                Tmut           5%         N/A       24%         2
 Spider Form              Tmut/Pois      5%         N/A       43%         3
 Manifold Assault         Tloc           17%        N/A       56%         5
 Chain Lightning          Conj/Air       2%         3d3       100%        9
 Fire Storm               Conj/Fire      2%         8d1       100%        9
 Shatter                  Erth           2%         3d6*      100%        9


Dungeon Overview and Level Annotations

Branches:
Dungeon (3/15)              Sewer (1/1)

Altars:

Annotations:
Sewer Pargi


Innate Abilities, Weirdness & Mutations

You have very sharp teeth.
Your uncanny sense of smell can sniff out nearby items.
Your experience applies equally to all skills.


Message History

You hit Pargi.
Pargi is lightly wounded.
Pargi bites you! Pargi claws you but does no damage. Pargi claws you.
You barely miss Pargi.
Pargi is lightly wounded.
You block Pargi's attack. x2; Pargi claws you but does no damage.
Pargi bites you. Pargi closely misses you. Pargi claws you.
You slash Pargi!
Pargi is moderately wounded.
Pargi bites you. Pargi barely misses you. Pargi claws you.
You miss Pargi.
Pargi is moderately wounded.
Pargi misses you. Pargi claws you but does no damage. x2
Pargi barely misses you. Pargi claws you.
* * * LOW HITPOINT WARNING * * *
Pargi misses you.
You closely miss Pargi.
Pargi is lightly wounded.
Pargi closely misses you. Pargi barely misses you.
Pargi claws you but does no damage.
You hit Pargi.
Pargi is moderately wounded.
Pargi closely misses you. Pargi barely misses you. You block Pargi's attack. x2
Pargi closely misses you. Pargi claws you but does no damage.
You slash Pargi!
Pargi is severely wounded.
You block Pargi's attack. Pargi claws you.
* * * LOW HITPOINT WARNING * * *
Pargi barely misses you.
You hit Pargi but do no damage.
Pargi is severely wounded.
Pargi bites you.
* * * LOW HITPOINT WARNING * * *
Pargi claws you but does no damage. Pargi claws you.
* * * LOW HITPOINT WARNING * * *
You completely miss Pargi.
Pargi is severely wounded.
You block Pargi's attack. x2; Pargi claws you but does no damage.
Pargi closely misses you. Pargi claws you.
You die...

### #≈# ##≈#
######## ##≈##
###.≈.@T.### #.≈.#
###.......≈..###
∆∆ ..≈.#
###..≈≈≈####....≈#
∆ ..≈≈###.....###
###≈≈..≈#
##≈†......≈##
#≈≈≈.≈.
..≈≈###....≈#
≈...## ..≈.#
###...≈.# .##.)
..≈.# ###..... ##
∆$ .#≈## ##....


You could see Pargi.

Vanquished Creatures
  4 adders
  A dart slug (D:2)
  3 ball pythons
  4 bats
  8 endoplasms
  3 giant cockroaches
  2 goblins
  2 hobgoblins (D:1)
  2 jackals (Sewer)
  7 kobolds
  2 frilled lizards
  4 rats
42 creatures vanquished.

Notes
Turn   | Place    | Note
-------+----------+-------------------------------------------
     0 | D:1      | Ablot the Gnoll Warper began the quest for the Orb.
     0 | D:1      | Reached XP level 1. HP: 20/20 MP: 6/6
   236 | D:1      | Reached XP level 2. HP: 23/26 MP: 7/7
   239 | D:1      | Learned a level 2 spell: Blink
   607 | D:1      | Found a faded altar of an unknown god.
  1019 | D:2      | Reached XP level 3. HP: 19/31 MP: 9/9
  1143 | D:2      | Reached skill level 5 in Spellcasting
  1593 | D:2      | Identified the +8 war axe of Nemelex Xobeh's Esteem
                  | {vorpal, rF+}
  1845 | D:2      | Reached skill level 1 in Invocations
  2101 | D:3      | Found a glowing drain.
  2112 | D:3      | Reached skill level 1 in Short Blades
  2112 | D:3      | Reached skill level 1 in Long Blades
  2112 | D:3      | Reached skill level 1 in Axes
  2112 | D:3      | Reached skill level 1 in Maces & Flails
  2112 | D:3      | Reached skill level 1 in Staves
  2112 | D:3      | Reached skill level 1 in Slings
  2112 | D:3      | Reached skill level 1 in Bows
  2112 | D:3      | Reached skill level 1 in Crossbows
  2112 | D:3      | Reached skill level 1 in Stealth
  2112 | D:3      | Reached skill level 1 in Shields
  2112 | D:3      | Reached skill level 1 in Unarmed Combat
  2112 | D:3      | Reached skill level 1 in Evocations
  2112 | D:3      | Reached XP level 4. HP: 37/38 MP: 11/11
  2123 | Sewer    | Entered a sewer
  2154 | Sewer    | Noticed Pargi
  2170 | Sewer    | HP: 1/38 [Pargi (3)]
  2171 | Sewer    | Slain by Pargi

Illustrated notes

Levels and vault maps discovered:
D:1:      amcnicky_arrival_single_pillar, layout_rooms,
          shapermc_ecumenical_altar_ellora
D:2:      layout_basic
D:3:      layout_loops_cross, grunt_qazlal_clouds, lemuel_doored_altar,
          gup_sewer_entry_glass, ebering_ghost_sewer_f
Sewer:    sewer_the_moccasin

Skill      XL: |  1  2  3 |
---------------+----------+-----
Spellcasting   | 5 |  5.1
Invocations    | 1 |  1.2
Short Blades   | 1 |  1.1
Long Blades    | 1 |  1.1
Axes           | 1 |  1.1
Maces & Flails | 1 |  1.1
Staves         | 1 |  1.1
Slings         | 1 |  1.1
Bows           | 1 |  1.1
Crossbows      | 1 |  1.1
Stealth        | 1 |  1.1
Shields        | 1 |  1.1
Unarmed Combat | 1 |  1.1
Evocations     | 1 |  1.1
Fighting       | |  4.6
Polearms       | |  4.6
Throwing       | |  2.7
Armour         | |  2.7
Dodging        | |  4.6
Conjurations   | |  0.9
Hexes          | |  0.9
Summonings     | |  0.9
Necromancy     | |  0.9
Translocations | |  5.4
Transmutations | |  0.9
Fire Magic     | |  0.9
Ice Magic      | |  0.9
Air Magic      | |  0.9
Earth Magic    | |  0.9
Poison Magic   | |  0.9

Action                   |  1- 3 |  4- 6 || total
-------------------------+-------+-------++-------
Melee: Spear             |    11 |       ||    11
       Short sword       |    52 |       ||    52
       Bite              |    14 |       ||    14
       Dagger            |    38 |       ||    38
       War axe           |    10 |    15 ||    25
       Punch             |     1 |       ||     1
Armor: Leather armour    |    35 |    10 ||    45
Dodge: Dodged            |    64 |    13 ||    77
Block: Other             |     7 |     8 ||    15
       Reflection        |     1 |       ||     1
